 Dungeon Crawl Stone Soup version 0.17-a0-2069-g0f4ee5b (webtiles) character file.

676 brucemayne the Cleaver (level 7, 0/58 HPs)
             Began as a Deep Dwarf Gladiator on Oct 13, 2015.
             Was a Follower of Makhleb.
             Slain by an orc warrior
             ... wielding a +0 hand axe
              (10 damage)
             ... in a bailey.
             The game lasted 00:09:15 (1266 turns).

brucemayne the Cleaver (Deep Dwarf Gladiator)       Turns: 1266, Time: 00:09:15

Health: 0/58       AC:  7    Str: 20    XL:     7   Next: 33%
Magic:  5/5        EV: 12    Int:  9    God:    Makhleb [*.....]
Gold:   47         SH:  0    Dex: 13    Spells: 0 memorised, 6 levels left

rFire  . . .     SeeInvis .     a - +1 war axe
rCold  + . .     Clarity  .     p - +0 ring mail
rNeg   . . .     SustAt   .     (no shield)
rPois  .         Gourm    .     c - +0 helmet
rElec  .         Spirit   .     (no cloak)
rCorr  .         Warding  .     v - +0 pair of gloves
rMut   .         Stasis   .     (no boots)
MR     +....                    (no amulet)
Stlth  +.........               (no ring)
                                t - ring of protection from cold

@: non-regenerating, somewhat resistant to hostile enchantments, very unstealthy
A: damage resistance, recharge devices, sense surroundings 1, slow regeneration
3
a: Device Recharging, Renounce Religion


You were in a bailey.
You worshipped Makhleb.
Makhleb was aware of your devotion.
You were hungry.

You visited 1 branch of the dungeon, and saw 6 of its levels.
You also visited: Bailey.

You collected 47 gold pieces.

Inventory:

Hand Weapons
 a - a +1 war axe (weapon)
 k - a +0 blowgun
 n - a +2 flail of draining
Missiles
 g - 50 poisoned needles
Armour
 b - a +0 leather armour
 c - a +0 helmet (worn)
 p - a +0 ring mail (worn)
 v - a +0 pair of gloves (worn)
Jewellery
 l - an uncursed ring of wizardry
 s - an uncursed ring of fire
 t - a ring of protection from cold (left hand)
Wands
 e - a wand of heal wounds (1)
Scrolls
 j - a scroll of identify
 r - a scroll of remove curse
Potions
 i - a potion of flight
 m - a potion of agility {unknown}
 o - a potion of invisibility
 u - a potion of poison {unknown}
Comestibles
 f - 3 bread rations
 h - a meat ration


   Skills:
 - Level 1.7 Fighting
 + Level 8.8 Axes
 - Level 1.7 Throwing
 - Level 3.0 Armour
 - Level 3.2 Dodging


You had 6 spell levels left.
You didn't know any spells.

Dungeon Overview and Level Annotations

Branches:
Dungeon (7/15)             Temple (0/1) D:7

Altars:
Makhleb


Innate Abilities, Weirdness & Mutations

You are resistant to damage.
You can recharge devices by infusing magical energy.
You passively map a small area around you.
You do not regenerate naturally.


Message History

Press: ? - help, Shift-Dir - straight line, f - you You feel much better.
This wand has 1 charge left.
The orc warrior barely misses you.
You closely miss the orc warrior.
The orc warrior is severely wounded.
The orc warrior barely misses you.
You hit the orc warrior.
The orc warrior is almost dead.
The orc warrior hits you with a hand axe!
You hit the orc warrior but do no damage.
The orc warrior is almost dead.
The orc warrior hits you but does no damage.
You closely miss the orc warrior.
The orc warrior is almost dead.
The orc warrior hits you with a hand axe!
* * * LOW HITPOINT WARNING * * *
You barely miss the orc warrior.
The orc warrior is almost dead.
The orc warrior hits you with a hand axe!
You die...

♣.....♣♣♣###.....###
♣♣♣......##.........##*
♣........#...........#
♣........'...........#
♣..∩.∩..'.....⌠.....#
♣.......'...........# ,
♣....)))#...........# ,
♣♣...)..##.........# ,
, ♣......♣♣###...@)###
** * ♣♣♣.♣.♣♣ ###.#o# ,
, , ♣♣♣♣♣ ###... ,
..... ....... ....⌠..
....... ....... , , , ,


You could see an orc warrior.

Vanquished Creatures
  An ogre (D:4)
  Blork the orc (D:4)
  A giant frog (D:7)
  A hound (D:7)
  An iguana (D:4)
  A jelly (D:7)
  4 orc wizards
  2 orc priests
  A worker ant (D:7)
  9 gnolls
  3 adders
  A giant gecko (D:5)
  17 orcs
  3 bats
  2 giant cockroaches
  15 goblins
  6 hobgoblins
  4 jackals (D:4)
  3 kobolds (D:3)
  5 quokkas
  A giant newt (D:3)
  7 rats
89 creatures vanquished.

Notes
Turn   | Place    | Note
--------------------------------------------------------------
     0 | D:1      | brucemayne the Deep Dwarf Gladiator began the quest for the Orb.
     0 | D:1      | Reached XP level 1. HP: 19/19 MP: 1/1
   163 | D:3      | Reached skill level 4 in Axes
   163 | D:3      | Reached XP level 2. HP: 19/26 MP: 2/2
   246 | D:3      | Reached XP level 3. HP: 23/32 MP: 3/3
   308 | D:2      | Reached skill level 5 in Axes
   457 | D:3      | Reached XP level 4. HP: 39/39 MP: 4/4
   514 | D:4      | Noticed an ogre
   578 | D:3      | Reached skill level 6 in Axes
   588 | D:3      | Reached XP level 5. HP: 16/45 MP: 5/5
   630 | D:4      | HP: 1/45 [gnoll/enchanted spear (4)]
   637 | D:4      | Noticed Blork the orc
   649 | D:4      | Killed Blork the orc
   649 | D:4      | Reached skill level 7 in Axes
   649 | D:4      | Reached XP level 6. HP: 49/52 MP: 5/5
   655 | D:4      | Found a burning altar of Makhleb.
   663 | D:4      | Became a worshipper of Makhleb the Destroyer
   673 | D:4      | Killed an ogre
   679 | D:4      | Reached skill level 8 in Axes
   820 | D:5      | Entered Level 5 of the Dungeon
   897 | D:5      | Reached skill level 1 in Armour
   986 | D:4      | You fall through a shaft for 3 floors!
  1020 | D:7      | Reached XP level 7. HP: 30/58 MP: 6/6
  1023 | D:7      | Reached * piety under Makhleb
  1078 | D:7      | Found a staircase to the Ecumenical Temple.
  1116 | D:7      | Found a flagged portal.
  1194 | Bailey   | Entered a bailey
  1266 | Bailey   | Slain by an orc warrior

Vault maps used:
D:1:      dpeg_arrival_tiny_a
D:2:      grunt_ministairs_15
D:3:      minmay_goblin_outpost
D:4:      overflow_temple_1_default, kennysheep_generic_room_3,
          uniq_blork_the_orc
D:5:      first_bread, kennysheep_generic_room_8
D:7:      minmay_temple_entry_junction2, enter_bailey_3
Bailey:   bailey_axe_minmay_hex_keep, bailey

Action                   |  1- 3 |  4- 6 |  7- 9 || total
-------------------------+-------+-------+-------++-------
Melee: War axe           |    75 |   125 |    70 ||   270
Throw: Throwing net      |     3 |     6 |     2 ||    11
 Abil: Device Recharging |       |     1 |     1 ||     2
Evoke: Wand              |     1 |     8 |     5 ||    14
  Use: Scroll            |       |     6 |     1 ||     7
 Stab: Sleeping          |     1 |       |       ||     1
  Eat: Chunk             |       |     1 |       ||     1
